Map: Dusk Towers

Players

BadmanLarry - Winner!

  • Race: Terran Terran
  • League: Diamond

LilDicky

  • Race: Terran Terran
  • League: Diamond

VOD

http://www.twitch.tv/tumescentpie

Description

Time

  • Played on: Dec. 6, 2015, 10:40 p.m.
  • Length: 7:07
Show
View Real Time Build Order
Export as new Build Order

BadmanLarry Terran - Winner!

Build Orders: Reaper Expand 

Get SALT Encoding   

  12  0:01  SCV  
  13  0:13  SCV  
  14  0:17  Supply Depot  
  14  0:25  SCV  
  15  0:39  SCV  
  15  0:41  Barracks  
  16  0:46  Refinery  
  16  0:51  SCV  
  17  1:04  SCV  
  18  1:16  SCV  
  19  1:29  Orbital Command  
  19  1:30  Reaper  
  20  1:55  Command Center  
  20  1:56  SCV  
  20  1:58  Supply Depot  
  21  2:02  Marine  
  22  2:15  SCV  
  22  2:16  Factory  
  22  2:27  SCV  
  24  2:37  Barracks Reactor  
  24  2:39  SCV  
  24  2:41  Refinery  
  24  2:45  Barracks  
  25  2:51  SCV  
  25  3:03  SCV  
  26  3:07  Starport  
  26  3:11  Orbital Command  
  26  3:18  Marine x2  
  26  3:19  Factory Tech Lab  
  28  3:23  SCV  
  29  3:35  SCV, Marine x2  
  29  3:36  Marine  
  29  3:40  SCV  
  34  3:43  Cyclone  
  34  3:47  SCV  
  38  3:50  Engineering Bay  
  38  3:52  SCV  
  39  3:56  Marine x2  
  39  3:57  Marine  
  39  3:58  Medivac  
  39  3:59  SCV  
  45  4:04  SCV  
  45  4:11  SCV  
  46  4:17  Missile Turret  
  46  4:26  Missile Turret  
  46  4:32  Barracks Tech Lab  
  46  4:35  Supply Depot  
  46  4:49  Supply Depot  
  46  4:52  SCV x2, Siege Tank, Stimpack, Marine x2  
  53  5:04  SCV x2  
  53  5:05  Command Center, Marine  
  56  5:10  Marine x2  
  58  5:27  Barracks  
  58  5:29  Barracks  
  58  5:46  Marauder, Marine x2  
  61  5:51  Siege Tank, Medivac  
  61  5:52  SCV  
  61  5:55  SCV  
  61  5:56  Supply Depot  
  67  5:58  Supply Depot  
  67  6:04  SCV  
  68  6:07  Barracks  
  68  6:15  SCV  
  68  6:16  SCV  
  68  6:18  Barracks Reactor x2  
  70  6:25  Marine  
  70  6:28  SCV x2  
  70  6:29  Barracks Reactor  
  73  6:42  SCV x2  
  75  6:54  SCV x2  
Show
View Real Time Build Order
Export as new Build Order

LilDicky Terran 

Build Orders: Reaper Expand, Mech 

Get SALT Encoding   

  12  0:01  SCV  
  13  0:13  SCV  
  14  0:17  Supply Depot  
  14  0:25  SCV  
  15  0:30  Refinery  
  15  0:39  SCV  
  16  0:45  Barracks  
  16  0:52  SCV  
  17  1:04  SCV  
  18  1:16  SCV  
  19  1:32  Reaper  
  21  1:35  Supply Depot, Orbital Command  
  20  2:13  Command Center  
  20  2:14  SCV, Refinery  
  20  2:15  Marine  
  21  2:21  Factory, Refinery  
  22  2:33  Marine  
  23  2:39  SCV  
  24  2:51  Marine  
  25  2:52  SCV  
  26  3:04  SCV  
  26  3:05  Factory Tech Lab  
  27  3:07  Starport  
  27  3:10  Marine  
  28  3:14  Supply Depot  
  28  3:16  SCV  
  29  3:24  Orbital Command  
  29  3:28  SCV  
  29  3:30  Marine  
  31  3:36  Engineering Bay  
  31  3:40  SCV  
  35  4:08  SCV, Marine  
  34  4:11  Missile Turret  
  34  4:12  SCV  
  34  4:14  Siege Tank  
  34  4:15  Medivac  
  40  4:20  SCV  
  41  4:24  SCV  
  43  4:32  SCV  
  43  4:34  Missile Turret  
  43  4:36  Terran Infantry Weapons Level 1, Supply Depot, SCV  
  45  4:39  Barracks Reactor  
  45  4:44  SCV  
  45  4:47  Medivac  
  45  4:48  Siege Tank  
  50  4:56  SCV x2  
  52  5:06  Refinery  
  52  5:08  SCV  
  52  5:10  SCV  
  52  5:13  Factory  
  54  5:15  Marine  
  54  5:16  Marine  
  54  5:18  Supply Depot  
  51  5:42  Marine  
  50  5:53  Viking  
  50  5:54  SCV  
  51  5:58  Command Center  
  51  6:00  Missile Turret x4  
  51  6:02  Siege Tank  
  53  6:07  Factory  
  53  6:09  SCV  
  53  6:10  SCV  
  55  6:14  Hellion x2  
  55  6:17  Barracks Reactor  
  59  6:21  SCV  
  59  6:22  SCV  
  59  6:24  Sensor Tower  
  61  6:33  Supply Depot  
  61  6:34  Siege Tank, Starport Reactor  
  62  6:45  SCV, Missile Turret  
  63  6:53  Factory Tech Lab  
  69  7:04  Missile Turret  
Tags
 
Add a new tag
Caveats
  • Supply blocks, unpowered buildings, or Contaminate may cause inaccurate times.
  • Supply counts are checked every 10 seconds.